 Dungeon Crawl Stone Soup version 0.17-a0-737-gf0a300a (webtiles) character file.

226 Leibowitz the Ducker (level 6, -1/47 HPs)
             Began as a Merfolk Gladiator on Apr 29, 2015.
             Slain by hornqvist's ghost (15 damage)
             ... on level 3 of the Dungeon.
             The game lasted 00:07:04 (2383 turns).

Leibowitz the Ducker (Merfolk Gladiator)            Turns: 2383, Time: 00:07:04

Health: -1/47      AC:  3    Str: 15    XL:     6   Next: 1%
Magic:  6/6        EV: 11    Int:  7    God:
Gold:   90         SH:  0    Dex: 17    Spells: 0 memorised, 5 levels left

rFire  . . .     SeeInvis +     a - +0 trident
rCold  . . .     Clarity  .     m - +0 robe (curse)
rNeg   . . .     SustAb   .     (no shield)
rPois  .         Gourm    .     c - +0 helmet
rElec  .         Spirit   .     (no cloak)
rCorr  .         Warding  .     (no gloves)
rMut   .         Stasis   .     (no boots)
MR     .....                    (no amulet)
Stlth  ++........               (no ring)
                                q - ring of see invisible

@: not resistant to hostile enchantments, unstealthy
A: change form in water, swift swim
a: no special abilities


You were on level 3 of the Dungeon.
You were not hungry.

You visited 1 branch of the dungeon, and saw 3 of its levels.

You collected 90 gold pieces.

Inventory:

Hand weapons
 a - a +0 trident (weapon)
 b - a +0 blowgun
Missiles
 d - 2 throwing nets (quivered)
 j - 5 javelins
 y - 16 poisoned needles
Armour
 c - a +0 helmet (worn)
 m - a cursed +0 robe (worn)
Jewellery
 q - a ring of see invisible (left hand)
Magical devices
 r - a wand of paralysis (13)
Scrolls
 g - 2 scrolls of teleportation {unknown}
 h - a scroll of blinking {unknown}
 i - 3 scrolls of remove curse {unknown}
 u - a scroll of enchant armour {unknown}
 w - a scroll of identify {unknown}
Potions
 k - 3 potions of curing {unknown}
 l - 2 potions of lignification {unknown}
 n - a potion of might {unknown}
 o - 2 potions of agility {unknown}
 s - a potion of haste {unknown}
 v - a potion of resistance {unknown}
 x - 2 potions of restore abilities {unknown}
Comestibles
 e - 2 bread rations
 f - 2 beef jerkies
 p - a chunk of flesh
 t - a meat ration


   Skills:
 + Level 3.2 Fighting
 + Level 6.0 Polearms
 + Level 2.4 Throwing
 + Level 0.7 Armour
 + Level 6.2 Dodging
 + Level 1.2 Stealth


You had 5 spell levels left.
You didn't know any spells.

Dungeon Overview and Level Annotations

Branches:
Dungeon (3/15)

Altars:
Nemelex Xobeh
Zin

Annotations:
D:3 hornqvist's ghost, average FoFi


Message History

You barely miss hornqvist's ghost.
Hornqvist's ghost is lightly damaged.
Hornqvist's ghost shrieks, "They lied to you.
The Dungeon just goes down and down forever."
Hornqvist's ghost hits you.
You closely miss hornqvist's ghost.
Hornqvist's ghost is lightly damaged.
Hornqvist's ghost completely misses you.
You hit hornqvist's ghost.
Hornqvist's ghost is lightly damaged.
Hornqvist's ghost closely misses you.
You barely miss hornqvist's ghost.
Hornqvist's ghost is lightly damaged.
Hornqvist's ghost misses you.
You closely miss hornqvist's ghost.
Hornqvist's ghost is lightly damaged.
Hornqvist's ghost screams, "I'll kill anyone who wants the ORB!"
Hornqvist's ghost hits you!
* * * LOW HITPOINT WARNING * * *
Hornqvist's ghost hits you!
You die...

#........'...............######.
#.########........###..........#
#.#............................#
#.#W#####.......................
#.#<....#..............########.
#.#.###.#..............########.
#.#.....#..............'..รท...'.
#(#######.#'###'##.....########.
#(..)..##.#.#..@W...)...........
######.##.#.#.#################.
#....#.#. #. ####.#.# #. ###.#
###### #.# #..... ..# #..... ###
#..... ######


You could see hornqvist's ghost.

Vanquished Creatures
  An ogre (D:3)
  Ijyb (D:2)
  Jessica (D:3)
  3 adders (D:3)
  An ooze (D:2)
  A worm (D:2)
  2 orcs
  A bat skeleton (D:3)
  4 giant cockroaches
  4 goblins
  4 hobgoblins
  7 jackals
  8 kobolds
  5 bats
  A giant newt (D:2)
  2 quokkas (D:3)
  9 rats
55 creatures vanquished.

Notes
Turn   | Place    | Note
--------------------------------------------------------------
     0 | D:1      | Leibowitz, the Merfolk Gladiator, began the quest for the Orb.
     0 | D:1      | Reached XP level 1. HP: 16/16 MP: 1/1
   175 | D:1      | Reached XP level 2. HP: 19/22 MP: 2/2
   373 | D:1      | Reached skill level 5 in Polearms
   894 | D:2      | Reached XP level 3. HP: 19/27 MP: 3/3
   897 | D:2      | Found a sparkling altar of Nemelex Xobeh.
  1067 | D:2      | Noticed Ijyb
  1085 | D:2      | Killed Ijyb
  1085 | D:2      | Reached skill level 5 in Dodging
  1085 | D:2      | Reached XP level 4. HP: 25/34 MP: 4/4
  1246 | D:3      | Noticed hornqvist's ghost (average FoFi)
  1501 | D:3      | Found a glowing silver altar of Zin.
  1743 | D:3      | Noticed an ogre
  1764 | D:3      | Killed an ogre
  1764 | D:3      | Reached XP level 5. HP: 16/41 MP: 5/5
  1975 | D:3      | Reached skill level 1 in Stealth
  2137 | D:3      | Noticed Jessica
  2164 | D:3      | Killed Jessica
  2164 | D:3      | Reached skill level 6 in Polearms
  2227 | D:3      | Reached XP level 6. HP: 47/47 MP: 6/6
  2383 | D:3      | Slain by hornqvist's ghost

Action                   |  1- 3 |  4- 6 || total
-------------------------+-------+-------++-------
Melee: Trident           |   127 |   118 ||   245
 Fire: Blowgun           |       |     2 ||     2
Throw: Throwing net      |     3 |     3 ||     6
       Javelin           |     1 |     2 ||     3
 Stab: Sleeping          |     1 |     1 ||     2
       Held in net/web   |       |     1 ||     1
  Eat: Chunk             |     1 |     4 ||     5
